 Dungeon Crawl Stone Soup version 0.30-a0-12-gd8047c6341 (webtiles) character file.

Game seed: 16051436939414199665

243 fingers the Ruffian (level 5, -1/44 HPs)
             Began as a Draconian Transmuter on Aug 23, 2022.
             Was a Plaything of Xom.
             Slain by an orc
             ... wielding a +0 flail
              (4 damage)
             ... on level 3 of the Dungeon.
             The game lasted 00:11:39 (4923 turns).

fingers the Ruffian (Draconian Transmuter)          Turns: 4923, Time: 00:11:39

Health: -1/44      AC:  5    Str: 14    XL:     5   Next: 82%
Magic:  8/9        EV: 12    Int: 13    God:    Xom [..*...]
Gold:   149        SH:  0    Dex: 12    Spells: 7/10 levels left

rFire   . . .      SeeInvis .      - Unarmed
rCold   . . .      Faith    .    (no shield)
rNeg    . . .      Spirit   .    (body armour unavailable)
rPois   .          Reflect  .    (helmet currently unavailable)
rElec   .          Harm     .    (no cloak)
rCorr   .          Rampage  .    (no gloves)
Will    .....                    (boots currently unavailable)
Stlth   +.........               (no amulet)
HPRegen 0.14/turn                (no ring)
MPRegen 0.11/turn                (no ring)

@: appendages (expiring), wereblooded (expiring)
A: horns 2, talons 2, AC +5, unfitting armour, cold-blooded
a: End Transformation, Renounce Religion


You were on level 3 of the Dungeon.
You worshipped Xom.
You were a toy of Xom.
You had temporarily grown beastly horns and talons.
You visited 1 branch of the dungeon, and saw 3 of its levels.

You collected 149 gold pieces.

Inventory:

Hand Weapons
 c - a +2 vampiric whip
Jewellery
 g - a +4 ring of evasion
Scrolls
 d - 4 scrolls of identify {unknown}
 h - 2 scrolls of teleportation {unknown}
 i - a scroll of fear {unknown}
 k - a scroll of torment {unknown}
 m - a scroll of blinking {unknown}
Potions
 a - a potion of lignification
 b - a potion of magic {unknown}
 e - a potion of attraction {unknown}
 f - 3 potions of flight {unknown}
 j - a potion of might {unknown}
 l - a potion of berserk rage {unknown}


   Skills:
 * Level 2.8 Fighting
 * Level 2.9 Dodging
 * Level 3.9 Unarmed Combat
 * Level 3.0 Spellcasting
 * Level 3.2 Transmutations


You had 7 spell levels left.
You knew the following spells:

 Your Spells              Type           Power      Damage    Failure   Level
a - Beastly Appendage     Tmut           20%        N/A       6%          1
b - Wereblood             Tmut           10%        N/A       9%          2

Your spell library contained the following spells:

 Spells                   Type           Power      Damage    Failure   Level
 Spider Form              Tmut/Pois      6%         N/A       34%         3
 Ice Form                 Ice/Tmut       6%         N/A       75%         4
 Fulminant Prism          Conj/Hex       1%         3d6       92%         4
 Iskenderun's Mystic Bla  Conj/Tloc      2%         2d3       92%         4
 Lee's Rapid Deconstruct  Erth           1%         3d5*      99%         5


Dungeon Overview and Level Annotations

Branches:
Dungeon (3/15)

Altars:
Okawaru
Xom


Innate Abilities, Weirdness & Mutations

You have temporarily grown beastly horns and talons.
Your plain brown scales are hard. (AC +5)
You cannot fit into any form of body armour.
You are cold-blooded and may be slowed by cold attacks.


Message History

The orc is heavily wounded.
The orc closely misses you.
You completely miss the orc. Your kick misses the orc.
The orc is heavily wounded.
The orc completely misses you.
You closely miss the orc. Your kick misses the orc. You tail-slap the orc.
The orc is severely wounded.
The orc closely misses you.
You closely miss the orc. Your kick misses the orc.
The orc is severely wounded.
The orc hits you with a +0 mace.
You barely miss the orc. You headbutt the orc.
You feel a bit better.
You kill the orc!
You howl as the wereblood boils in your veins!
Your transformation is almost over.
You closely miss something. You claw something. Your headbutt misses something.
Something barely misses you.
You barely miss something. Your kick misses something.
Something barely misses you.
You barely miss something.
You howl as the wereblood boils in your veins!
Something hits you.
* * * LOW HITPOINT WARNING * * *
You hit something but do no damage. Your headbutt misses something.
Something hits you!
* * * LOW HITPOINT WARNING * * *
You miss something.
Your tail-slap misses something.
Your primal bloodlust is almost over.
Something hits you.
* * * LOW HITPOINT WARNING * * *
You miss something. You claw something.
Your tail-slap misses something.
Something hits you but does no damage.
You barely miss something. You claw something. You tail-slap something.
You howl as the wereblood boils in your veins!
Something hits you.
* * * LOW HITPOINT WARNING * * *
You closely miss something.
Your tail-slap misses something.
You hit something. Your kick misses something. Something hits you.
You die...
Xom chortles!

##.. # # ### #... .#. ..#
#### #..# #.# #.# ..# #..#
#.# #.# ##.## #..# ####.#
#.# ....# #..# ##....# #.#
##..#####..######.###.###.#
.............oW{@.#
#.....###
##..#.........o##.#
#.##....#
#..#.###..###.###...###.##.#
##..#.# #..# #.# #.# #.##.#
.)...>. #..# #.# #..# #.##.#
##..### #..# #.# # .#
#.##.#### ...# ...# #.# .#
#.......# .. #.... ... #
####.##.# .### ........##.#


You could see a phantom and 2 orcs.

Vanquished Creatures
  2 orc wizards (D:3)
  Terence (D:2)
  2 adders (D:2)
  2 worms (D:2)
  5 dart slugs
  7 orcs (D:3)
  4 endoplasms
  4 giant cockroaches
  4 goblins
  8 hobgoblins
  2 jackals (D:1)
  6 kobolds (D:1)
  2 quokkas (D:1)
  7 ball pythons
  4 bats
  7 frilled lizards
  6 rats
73 creatures vanquished.

Vanquished Creatures (collateral kills)
  An orc priest (D:3)
  An orc wizard (D:3)
  2 orcs (D:3)
  A rat (D:3)
5 creatures vanquished.

Grand Total: 78 creatures vanquished

Notes
Turn   | Place    | Note
-------+----------+-------------------------------------------
     0 | D:1      | fingers the Draconian Transmuter began the quest for the
                  | Orb.
     0 | D:1      | Reached XP level 1. HP: 16/16 MP: 3/3
    50 | D:1      | Reached XP level 2. HP: 13/19 MP: 5/5
  1481 | D:1      | Found a faded altar of an unknown god.
  1521 | D:1      | Prayed at the altar of an unknown god.
  1521 | D:1      | Became a worshipper of Xom of Enforced Whimsey
  1556 | D:1      | Reached XP level 3. HP: 28/28 MP: 4/6
  2378 | D:2      | Learned a level 2 spell: Wereblood
  2739 | D:2      | Reached XP level 4. HP: 27/36 MP: 7/7
  3400 | D:2      | Noticed Terence
  3405 | D:2      | XOM: potion effect (curing)
  3417 | D:2      | Killed Terence
  3733 | D:3      | XOM: cloud trail
  3751 | D:3      | XOM: summons 4 friendly demons
  3755 | D:3      | Reached XP level 5. HP: 24/42 MP: 6/9
  3775 | D:3      | HP: 2/42 [poisoned by an orc]
  4122 | D:3      | XOM: silly message
  4134 | D:3      | Found an iron altar of Okawaru.
  4311 | D:3      | XOM: silly message
  4403 | D:3      | XOM: silly message
  4665 | D:3      | XOM: 6-stop teleportation journey
  4897 | D:3      | Noticed a phantom
  4902 | D:3      | XOM: enchant monster (bad)
  4921 | D:3      | HP: 2/44 [something (2)]
  4923 | D:3      | Slain by an orc

Illustrated notes

Levels and vault maps discovered:
D:1:      co_arrival_square_in_a_square_in_a_square, layout_basic,
          ebering_ecumenical_altar_webs, minivault_23
D:2:      layout_basic, lemuel_flame_loot_1, uniq_terence
D:3:      layout_loops_ring, amcnicky_altar_gilded,
          nicolae_dithmenos_through_a_glass_darkly

Skill      XL: |  1  2  3  4  5 |
---------------+----------------+-----
Dodging        | 2 |  2.9
Fighting       | 2 |  2.8
Transmutations | 3 |  3.2
Spellcasting   | 3 |  3.0
Unarmed Combat | |  3.9

Action                   |  1- 3 |  4- 6 || total
-------------------------+-------+-------++-------
Melee: Unarmed           |   153 |   130 ||   283
       Headbutt          |    12 |     7 ||    19
       Tailslap          |    11 |    27 ||    38
       Kick              |     6 |    17 ||    23
       Punch             |     2 |     2 ||     4
 Cast: Beastly Appendage |    14 |     6 ||    20
       Wereblood         |       |     5 ||     5
 Stab: Held in net/web   |     1 |       ||     1
       Distracted        |       |     1 ||     1
       Sleeping          |       |     1 ||     1
Armor: Skin              |    50 |    37 ||    87
Dodge: Dodged            |   106 |    59 ||   165

Table legend: (Time is in decaauts)
 A = Elapsed time spent in this place.
 B = Non-inter-level travel time spent in this place.
 C = Inter-level travel time spent in this place.
 D = Time resting spent in this place.
 E = Time spent auto-exploring this place.
 F = Levels seen in this place.
 G = Mean time per level.
                   A        B        C        D        E       F      G
               +--------+--------+--------+--------+--------+-----+--------+
         Total |   4906 |   4906 |      0 |   2369 |   1241 |   3 | 1635.3 |
       Dungeon |   4906 |   4906 |      0 |   2369 |   1241 |   3 | 1635.3 |
               +--------+--------+--------+--------+--------+-----+--------+

Top non-repeatable levels by time:
     D:1: 2268 daAuts
     D:2: 1427 daAuts
     D:3: 1209 daAuts
